 Dungeon Crawl Stone Soup version 0.28.0 (webtiles) character file.

Game seed: 4200658755325811807

11 themarg the Bolt Thrower (level 2, -1/26 HPs)
             Began as a Gnoll Wanderer on Feb 5, 2022.
             Slain by a rat (2 damage)
             ... on level 1 of the Dungeon.
             The game lasted 00:03:14 (357 turns).

themarg the Bolt Thrower (Gnoll Wanderer)            Turns: 357, Time: 00:03:15

Health: -1/26      AC:  5    Str: 14    XL:     2   Next: 29%
Magic:  7/7        EV: 10    Int: 11    God:
Gold:   9          SH:  0    Dex:  8    Spells: 9/10 levels left

rFire   . . .      SeeInvis .   d - +0 dagger (chaos)
rCold   . . .      Faith    .   (no shield)
rNeg    . . .      Spirit   .   g - +0 ring mail
rPois   .          Reflect  .   (no helmet)
rElec   .          Harm     .   (no cloak)
rCorr   .          Rampage  .   (no gloves)
Will    .....                   (no boots)
Stlth   ..........              (no amulet)
HPRegen 0.08/turn               (no ring)
MPRegen 0.10/turn               (no ring)

@: no status effects
A: fangs 1, strong nose, distributed training
a: no special abilities


You were on level 1 of the Dungeon.
You visited 1 branch of the dungeon, and saw 1 of its levels.

You collected 9 gold pieces.

Inventory:

Hand Weapons
 a - a +2 hand crossbow
 d - a +0 dagger of chaos (weapon)
Missiles
 b - 44 bolts
 c - 8 boomerangs (quivered)
Armour
 e - a +0 leather armour
 g - a +0 ring mail (worn)


   Skills:
 + Level 4.4 Fighting
 + Level 0.3 Short Blades
 + Level 0.3 Long Blades
 + Level 0.3 Axes
 + Level 0.3 Maces & Flails
 + Level 0.3 Polearms
 + Level 0.3 Staves
 + Level 0.3 Slings
 + Level 0.3 Bows
 + Level 6.4 Crossbows
 + Level 2.4 Throwing
 + Level 0.3 Armour
 + Level 0.3 Dodging
 + Level 0.3 Stealth
 + Level 0.3 Shields
 + Level 0.3 Unarmed Combat
 + Level 4.9 Spellcasting
 + Level 0.2 Conjurations
 + Level 0.2 Hexes
 + Level 0.2 Summonings
 + Level 0.2 Necromancy
 + Level 0.2 Translocations
 + Level 0.2 Transmutations
 + Level 0.2 Fire Magic
 + Level 0.2 Ice Magic
 + Level 0.2 Air Magic
 + Level 0.2 Earth Magic
 + Level 3.7 Poison Magic
 + Level 0.4 Invocations
 + Level 0.3 Evocations


You had 9 spell levels left.
You knew the following spells:

 Your Spells              Type           Power      Damage    Failure   Level
a - Sting                 Tmut/Pois      28%        1d4       21%         1

Your spell library contained the following spells:

 Spells                   Type           Power      Damage    Failure   Level
 Ignite Poison            Fire/Tmut/Pois 5%         N/A       58%         3


Dungeon Overview and Level Annotations

Branches:
Dungeon (1/15)

Altars:


Innate Abilities, Weirdness & Mutations

You have very sharp teeth.
Your uncanny sense of smell can sniff out nearby items.
Your experience applies equally to all skills.


Message History

You barely miss the quokka.
The quokka is severely wounded.
The quokka bites you. The quokka barely misses you. The quokka bites you.
The quokka closely misses you.
The quokka twitches its whiskers.
The quokka bites you.
The quokka bites you but does no damage.
You see here 21 stones.
The quokka bites you.
* * * LOW HITPOINT WARNING * * *
The rat barely misses you.
You completely miss the rat.
The quokka twitches its whiskers.
The quokka bites you but does no damage.
The rat bites you.
* * * LOW HITPOINT WARNING * * *
You aren't carrying any potions.
As you read the scroll labelled QITIERCHINLI, it crumbles to dust.
It is a scroll of identify.
h - a scroll of brand weapon The quokka barely misses you.
The rat bites you but does no damage.
As you read the scroll of brand weapon, it crumbles to dust.
Your +0 dagger erupts in a glittering mayhem of colour.
d - a +0 dagger of chaos (weapon)
The quokka barely misses you. The rat bites you but does no damage.
The quokka bites you but does no damage.
You barely miss the rat. The quokka bites you.
* * * LOW HITPOINT WARNING * * *
The rat bites you but does no damage. The rat bites you but does no damage.
The rat barely misses you. The rat bites you.
* * * LOW HITPOINT WARNING * * *
You hit the quokka. You burn the quokka.
You kill the quokka!
The rat bites you.
* * * LOW HITPOINT WARNING * * *
You miss the quokka. The quokka barely misses you. The rat bites you.
You die...

#...# #..###.#
#...# ###.## #.#
..###...###.g.#
#g#
......#.###r(###
#.#
.####.......##
#J# #.....####
#B# #.#.#.r.B##
#.# ...#.####rr#
#.# ..####.# ##@#
#.# # #.####..#
#.#
###.##...######.#
.(r....†.J.gr...#
..(.##.##########
... ... .B...
.!..... ∆
.......∆ ∆


You could see a quokka, a giant cockroach and 2 rats.

Vanquished Creatures
  An endoplasm (D:1)
  2 jackals (D:1)
  2 kobolds (D:1)
  A quokka (D:1)
  A ball python (D:1)
  2 bats (D:1)
  A frilled lizard (D:1)
  A rat (D:1)
11 creatures vanquished.

Notes
Turn   | Place    | Note
-------+----------+-------------------------------------------
     0 | D:1      | themarg the Gnoll Wanderer began the quest for the Orb.
     0 | D:1      | themarg set off with the following items: a +2 hand
                  | crossbow, 23 bolts, 8 boomerangs, a +0 dagger, a +0 leather
                  | armour; and the following spell memorised: Sting; and the
                  | following spells available to memorise: Ignite Poison
     0 | D:1      | Reached XP level 1. HP: 20/20 MP: 6/6
   171 | D:1      | Reached XP level 2. HP: 26/26 MP: 7/7
   356 | D:1      | HP: 1/26 [rat (2)]
   357 | D:1      | Slain by a rat

Illustrated notes

Levels and vault maps discovered:
D:1:      dpeg_arrival_ratfight, layout_rooms, st_stairs_2, minmay_distorted

Action                   || total
-------------------------++-------
Melee: Dagger            ||    21
       Bite              ||     1
 Fire: Hand crossbow     ||    20
  Use: Scroll            ||     2
Armor: Ring mail         ||    22
Dodge: Dodged            ||    34
